 Dungeon Crawl Stone Soup version 0.28.0-53-g5a82cb258f (webtiles) character file.

Game seed: 7116544230068455024

1454 buhh the Chiller (level 8, -6/97 HPs)
             Began as an Octopode Transmuter on June 15, 2022.
             Mangled by a culicivora (shapeshifter) (18 damage)
             ... on level 9 of the Dungeon.
             The game lasted 00:33:45 (9988 turns).

buhh the Chiller (Octopode Transmuter)              Turns: 9988, Time: 00:33:45

Health: -6/97      AC:  7    Str: 10    XL:     8   Next: 76%
Magic:  8/11       EV: 10    Int: 17    God:
Gold:   621        SH:  0    Dex: 12    Spells: 1/11 levels left

rFire   x . .      SeeInvis .     - Unarmed
rCold   + + +      Faith    .   (shield currently unavailable)
rNeg    . . .      Spirit   .   (helmet currently unavailable)
rPois   +          Reflect  .   (no amulet)
rElec   .          Harm     .   d - ring of protection from cold
rCorr   +          Rampage  .   j - ring of resist corrosion
Will    .....                   (no ring)
Stlth   ..........              (no ring)
HPRegen 0.26/turn               (no ring)
MPRegen 0.12/turn               (no ring)
                                (no ring)
                                (no ring)

@: berserking, ice-form, studying Unarmed Combat, very quick
A: freezing attack, boosted hp, almost no armour, amphibious, 8 rings, large,
(camouflage 1), (gelatinous body 1), (nimble swimmer 1), (tentacles)
a: End Transformation


You were on level 9 of the Dungeon.
You were a creature of crystalline ice.
You visited 1 branch of the dungeon, and saw 11 of its levels.

You collected 621 gold pieces.

Inventory:

Missiles
 b - a curare-tipped dart
 e - 16 poisoned darts
 p - 2 throwing nets {!f}
Armour
 l - a +1 hat (melded)
Jewellery
 d - a ring of protection from cold (left front paw)
 j - a ring of resist corrosion (right front paw)
Wands
 f - a wand of flame (17)
 o - a wand of polymorph (6)
Scrolls
 g - a scroll of identify {!d}
 F - a scroll of enchant weapon
 Q - 2 scrolls of fog
 X - a scroll of amnesia
Potions
 a - a potion of degeneration
 h - a potion of berserk rage {!q}
 i - a potion of invisibility {unknown}
 k - a potion of lignification {unknown}
 n - a potion of brilliance {unknown}
 s - a potion of attraction {unknown}


   Skills:
 - Level 4.0 Fighting
 - Level 2.0 Dodging
 - Level 1.0 Stealth
 - Level 6.3 Unarmed Combat
 - Level 2.0 Spellcasting
 - Level 5.1 Transmutations
 * Level 6.9 Ice Magic


You had one spell level left.
You knew the following spells:

 Your Spells              Type           Power      Damage    Failure   Level
a - Beastly Appendage     Tmut           38%        N/A       2%          1
b - Wereblood             Tmut           19%        N/A       3%          2
c - Spider Form           Tmut/Pois      10%        N/A       21%         3
d - Ice Form              Ice/Tmut       22%        N/A       16%         4

Your spell library contained the following spells:

 Spells                   Type           Power      Damage    Failure   Level
 Gell's Gravitas          Tloc           1%         N/A       50%         3
 Lesser Beckoning         Tloc           1%         N/A       50%         3
 Teleport Other           Tloc           1%         N/A       50%         3


Dungeon Overview and Level Annotations

Branches:
Dungeon (11/15)
 Temple: D:4-7         Lair: D:8-11         Orc: D:9-12

Altars:
Cheibriados
Gozag
Xom

Shops:
D:3 *:(

Annotations:
D:1 exclusion: kobold
D:2 1 runed translucent door, exclusion: door, Crazy Yiuf
D:3 Grinder
D:11 Urug


Innate Abilities, Weirdness & Mutations

You are a creature of crystalline ice.
You have a powerful freezing melee attack.
Your maximum health is increased.
Your armour is entirely melded.
You are incapable of wielding weapons or throwing items.
You cannot wear most types of armour.
You are amphibious.
You can wear up to eight rings at the same time.
((Your skin changes colour to match your surroundings (Stealth+).))
((Your rubbery body absorbs attacks. (AC +1, EV +1)))
((You are camouflaged when in or above water. (Stealth+)))
((You have tentacles for arms and can constrict up to eight enemies at once.))


Message History

The meliai is severely wounded.
The meliai hits you but does no damage. The meliai closely misses you.
You barely miss the meliai.
The meliai is severely wounded.
The meliai changes into a culicivora!
You hit the culicivora. You freeze the culicivora.
The culicivora is lightly wounded.
The culicivora bites you!!
The culicivora draws strength from your injuries!
You hit the culicivora but do no damage.
The culicivora bites you!
* * * LOW HITPOINT WARNING * * *
The culicivora draws strength from your injuries!
Okay, then.
Really quaff
M - a potion of heal wounds {!q!d}?
You feel much better.
The culicivora bites you but does no damage. x2
You hit the culicivora. You freeze the culicivora.
The culicivora is moderately wounded.
The culicivora barely misses you.
You punch the culicivora! You freeze the culicivora.
The culicivora is heavily wounded.
The culicivora bites you!
The culicivora draws strength from your injuries!
The culicivora bites you but does no damage.
You punch the culicivora! You freeze the culicivora.
The culicivora is heavily wounded.
The culicivora bites you!!
* * * LOW HITPOINT WARNING * * *
The culicivora draws strength from your injuries!
Okay, then.
Really quaff
k - 2 potions of berserk rage {!q}?
A red film seems to cover your vision as you go berserk!
You feel yourself moving faster!
You feel mighty!
h - a potion of berserk rage {!q};
k - a puce potion The culicivora bites you!
* * * LOW HITPOINT WARNING * * *
The culicivora draws strength from your injuries!
The culicivora bites you!!
You die...

#.#...))....# #.#.#.#.#####
#.#.###########.#.#.#.....#
##...............#
#.#.###.#
.....###########.#
#.#...#.#
.##..#############
#.#.#.#.#
.................#
#.#...#.#
###..###########.#
#.#.###.# #..# #.#
#.......# #..# #######Y#
######### #.(# #......s#
#..# #.........y.... #..#
#.............. . #..#
#.............. .##..#
#.............. ..#..#
#.........!.... .....#
#.............[
#..#.#####......########


You could see a culicivora shaped shifter.

Vanquished Creatures
  A necrophage (D:6)
  An ice beast (D:5)
  A black bear (D:6)
  An ogre (D:4)
  A phantom (D:5)
  A kobold brigand (D:9)
  A bullfrog (D:7)
  2 scorpions
  A water moccasin skeleton (D:4)
  A gnoll shaman (D:4)
  2 hounds
  3 bullfrog skeletons
  3 orc priests
  3 iguanas (D:5)
  3 orc wizards (D:4)
  A hound skeleton (D:4)
  Robin (D:2)
  12 gnolls
  3 adders
  A shadow imp (D:6)
  A white imp (D:5)
  An adder skeleton (D:4)
  A worm (D:3)
  3 dart slugs
  10 orcs
  10 endoplasms
  3 giant cockroaches
  7 hobgoblins
  16 jackals
  13 kobolds
  4 quokkas
  8 ball pythons
  4 bats
  3 frilled lizards
  12 goblins
  5 rats
144 creatures vanquished.

Vanquished Creatures (others)
  3 fungi (D:2)
  A plant (D:1)
4 creatures vanquished.

Grand Total: 148 creatures vanquished

Notes
Turn   | Place    | Note
-------+----------+-------------------------------------------
     0 | D:1      | buhh the Octopode Transmuter began the quest for the Orb.
     0 | D:1      | Reached XP level 1. HP: 13/13 MP: 3/3
   311 | D:1      | Reached XP level 2. HP: 15/18 MP: 3/5
   671 | D:1      | Reached XP level 3. HP: 24/24 MP: 4/6
  1590 | D:2      | Learned a level 2 spell: Wereblood
  1663 | D:2      | Found a faded altar of an unknown god.
  2005 | D:2      | Reached XP level 4. HP: 26/30 MP: 7/7
  2586 | D:2      | Noticed Robin
  2595 | D:2      | Killed Robin
  3009 | D:2      | Found a runed translucent door.
  3010 | D:2      | Noticed Crazy Yiuf
  3076 | D:3      | Found Vulylio's Assorted Antiques.
  3081 | D:3      | Found Doqoig's Book Shop.
  3113 | D:3      | Noticed a scorpion
  3490 | D:3      | Noticed Terence
  3542 | D:3      | Reached XP level 5. HP: 35/36 MP: 8/8
  3634 | D:3      | Found Naece's Antique Weapon Shoppe.
  3762 | D:4      | Reached XP level 6. HP: 36/43 MP: 7/9
  4299 | D:5      | Entered Level 5 of the Dungeon
  4315 | D:5      | Noticed an ice beast
  4802 | D:3      | Noticed Grinder
  5189 | D:3      | Noticed Terence
  5189 | D:3      | Terence changed into Terence the jackal
  5193 | D:3      | Killed Terence the jackal
  5878 | D:4      | Reached XP level 7. HP: 48/48 MP: 10/10
  6345 | D:4      | Learned a level 3 spell: Spider Form
  7491 | D:5      | Reached XP level 8. HP: 54/54 MP: 8/11
  7496 | D:5      | Learned a level 4 spell: Ice Form
  8111 | D:6      | Found an opulent altar of Gozag.
  8326 | D:6      | Found a snail-covered altar of Cheibriados.
  8687 | D:6      | Noticed a two-headed ogre
  8987 | D:8      | Identified a scroll of acquirement
  8987 | D:8      | Acquired 393 gold pieces
  9176 | D:7      | Found a shimmering altar of Xom.
  9341 | D:8      | Noticed a yak
  9341 | D:8      | Noticed a yak
  9386 | D:10     | Entered Level 10 of the Dungeon
  9386 | D:10     | Noticed a hornet
  9415 | D:8      | You fall into a shaft and drop 3 floors!
  9415 | D:11     | Noticed Urug
  9418 | D:11     | Noticed a boulder beetle
  9676 | D:10     | Noticed a yak
  9676 | D:10     | Noticed a yak
  9976 | D:9      | Noticed a meliai
  9981 | D:9      | Noticed a culicivora
  9981 | D:9      | a meliai changed into a culicivora
  9988 | D:9      | Mangled by a culicivora (shapeshifter)

Illustrated notes

Levels and vault maps discovered:
D:1:      mrwooster_arrival_arrow, layout_loops_ring, serial_bayou_pond_c,
          minmay_fountain_box
D:2:      layout_basic, hellmonk_ecumenical_altar_pennies_from_heaven,
          uniq_crazy_yiuf_cottage, uniq_robin
D:3:      layout_loops_ring, serial_shops, nicolae_shop_hallway_stairs,
          nicolae_shop_behind_doors, shop, minmay_close_crescents, uniq_ijyb,
          uniq_grinder, uniq_terence
D:4:      layout_basic, minmay_a_box_with_orc_wizards_in_it
D:5:      layout_loops_ring, minmay_temple_entry_glassed_door,
          cheibrodos_gnoll_hut
D:6:      layout_loops_ring, slow_altar_1,
          nicolae_gozag_cash_rules_everything_around_me, uniq_edmund,
          uniq_maggie
D:7:      layout_gridville, mainiacjoe_overflow_concentric_impassable
D:8:      layout_loops_cross, led_sif_pool, nicolae_ossuary_entry_catacombs
D:9:      layout_basic, ebering_ghost_xom, uniq_harold, uniq_psyche
D:10:     layout_gridville, david_lair_generic, uniq_erica, uniq_grum
D:11:     layout_roguey, kennysheep_orc_monster_closet_entryway,
          kiku_gazebo_pond_becter, uniq_urug, uniq_maurice

Skill      XL: |  1  2  3  4  5  6  7  8 |
---------------+-------------------------+-----
Stealth        | 1 |  1.0
Fighting       | 2 3 4 |  4.0
Unarmed Combat | 4 5 6 |  6.3
Transmutations | 4 5 |  5.1
Ice Magic      | 3 6 |  6.9
Dodging        | |  2.0
Spellcasting   | |  2.0

Action                   |  1- 3 |  4- 6 |  7- 9 || total
-------------------------+-------+-------+-------++-------
Melee: Unarmed           |   103 |   124 |   161 ||   388
       Constrict         |    27 |    36 |    10 ||    73
       Kick              |    25 |    33 |    13 ||    71
       Tentacles         |    18 |    26 |     7 ||    51
       Punch             |     1 |     7 |       ||     8
 Cast: Beastly Appendage |    29 |    35 |    13 ||    77
       Wereblood         |       |     1 |       ||     1
       Spider Form       |       |       |    17 ||    17
       Ice Form          |       |       |     4 ||     4
Evoke: Wand              |       |    12 |     7 ||    19
  Use: Scroll            |       |     3 |    11 ||    14
       Potion            |       |     2 |     3 ||     5
 Stab: Sleeping          |     7 |     7 |     3 ||    17
Armor: Skin              |     6 |     5 |    12 ||    23
Dodge: Dodged            |    49 |    66 |   111 ||   226
